[Event "7th Cesme Open-A 2019"]
[Site "Cesme"]
[Date "2019.06.26"]
[Round "4"]
[White "Unat, Can Haktan"]
[Black "Eminov, Orkhan"]
[Result "0-1"]
[ECO "A43"]
[WhiteElo "2079"]
[BlackElo "2314"]
[Annotator "RC"]
[PlyCount "164"]
[EventDate "2019.06.24"]
[EventType "swiss"]
[EventCountry "TUR"]
[SourceTitle "playchess.com"]
[Source "ChessBase"]
[SourceQuality "1"]
[TimeControl "5400+30"]

1. d4 Nf6 2. Nc3 c5 3. d5 d6 4. e4 g6 5. Be2 Bg7 6. Nf3 O-O 7. Nd2 Nbd7 8. O-O Rb8 9. Nc4 Ne8 10. a4 b6 11. f4 a6 12. Be3 Bb7 13. Qd2 Ba8 14. Na3 Nc7 15. Rab1 Re8 16. Bc4 Nf6 17. Bf2 Ng4 18. Bh4 Qd7 19. Ba2 b5 20. Ne2 Nf6 21. axb5 axb5 22. Ng3 Qg4 23. Bxf6 Bxf6 24. Rf3 Qd7 25. f5 Rf8 26. Rbf1 Ne8 27. c4 bxc4 28. Nxc4 Bb7 29. Rb3 Bg7 30. h4 Nf6 31. h5 gxh5 32. Qg5 h6 33. Qh4 Ba6 34. Rbf3 Bxc4 35. Bxc4 Rxb2 36. Nxh5 Nxh5 37. Qxh5 Qa4 38. f6 exf6 39. Bd3 Qd4+ 40. Kh1 Rb3 41. Rd1 Qe5 42. Rf5 Qg3 43. Rf3 Qe5 44. Rf5 Qd4 45. Bc2 Qc3 46. Bxb3 Qxb3 47. Rdf1 Qc2 48. Qg4 Re8 49. Rxf6 Qxe4 50. R6f4 Qxd5 51. Rxf7 Qxf7 52. Rxf7 Kxf7 53. Qd7+ Re7 54. Qf5+ Bf6 55. Qd5+ Kg7 56. g4 Be5 57. Kg2 Rc7 58. Qc4 Rf7 59. Qe6 Rc7 60. Qc4 Rb7 61. Qe6 Rf7 62. Qc4 Rf4 63. Qe6 c4 64. Qd7+ Rf7 65. Qc6 c3 66. Kh3 Ra7 67. Kh4 Rf7 68. Kh3 Kg6 69. Qe4+ Kg5 70. Qe3+ Rf4 71. Qd3 h5 72. gxh5 Rh4+ 73. Kg2 Rh2+ 74. Kg1 Rxh5 75. Qe3+ Kg6 76. Qd3+ Kf6 77. Qc4 Rh2 78. Qf1+ Ke7 79. Qb5 Rb2 80. Qc6 c2 81. Qc7+ Kf6 82. Qd8+ Kf5 0-1

[Event "7th Cesme Open-A 2019"]
[Site "Cesme"]
[Date "2019.06.26"]
[Round "5"]
[White "Lavrov, Maxim"]
[Black "Kucuksari, Kaan"]
[Result "1-0"]
[ECO "A08"]
[WhiteElo "2401"]
[BlackElo "2299"]
[Annotator "NA"]
[PlyCount "79"]
[EventDate "2019.06.24"]
[EventType "swiss"]
[EventCountry "TUR"]
[SourceTitle "playchess.com"]
[Source "ChessBase"]
[SourceQuality "1"]
[TimeControl "5400+30"]

1. Nf3 Nf6 2. g3 b6 3. Bg2 Bb7 4. O-O e6 5. d3 d5 6. b3 Be7 7. Bb2 c5 8. Nbd2 Nc6 9. e4 O-O 10. Re1 b5 11. exd5 Nxd5 12. Ne5 b4 13. Nxc6 Bxc6 14. Nf3 Bf6 15. Bxf6 Nxf6 16. Ne5 Bd5 17. Bxd5 exd5 18. Nc6 Qd7 19. Ne7+ Kh8 20. Qf3 Rae8 21. Nf5 g6 22. Ne3 Kg7 23. Ng2 h5 24. Qf4 Qh3 25. f3 d4 26. Qg5 Qc8 27. Nf4 Qc6 28. Kf2 Re3 29. Rxe3 dxe3+ 30. Kxe3 Qd6 31. Kd2 Re8 32. Re1 Rxe1 33. Kxe1 Qd4 34. Ne2 Qa1+ 35. Kd2 Nd7 36. Qd5 Ne5 37. d4 cxd4 38. Qxd4 Qxd4+ 39. Nxd4 g5 40. Ke3 1-0

[Event "7th Cesme Open-A 2019"]
[Site "Cesme"]
[Date "2019.06.26"]
[Round "5"]
[White "Erdogdu, Mert"]
[Black "Iskandarov, Misratdin"]
[Result "0-1"]
[ECO "B91"]
[WhiteElo "2391"]
[BlackElo "2502"]
[Annotator "ChessBase"]
[PlyCount "92"]
[EventDate "2019.06.24"]
[EventType "swiss"]
[EventCountry "TUR"]
[SourceTitle "playchess.com"]
[Source "ChessBase"]
[SourceQuality "1"]
[TimeControl "5400+30"]

1. e4 c5 2. Nf3 d6 3. d4 cxd4 4. Nxd4 Nf6 5. Nc3 a6 6. g3 e5 7. Nb3 Be7 8. Bg2 O-O 9. O-O Be6 10. a4 Nbd7 11. Re1 Qb8 12. Nd2 Bd8 13. Nf1 Ba5 14. Bd2 Rc8 15. Ne3 Qc7 16. Ncd5 Bxd5 17. Bxa5 Qxa5 18. exd5 g6 19. Ra3 e4 20. c3 Qc5 21. b4 Qa7 22. a5 Ne5 23. Qe2 Rc7 24. c4 Rac8 25. Qb2 Rxc4 26. Nxc4 Rxc4 27. Rd1 Kg7 28. Bf1 Rc7 29. Be2 h5 30. h3 Re7 31. Qd2 Qb8 32. Rc3 Qe8 33. Qd4 h4 34. g4 g5 35. Qb6 Ng6 36. Qxd6 e3 37. Bf3 Nf4 38. Qc5 Nxh3+ 39. Kg2 Nxf2 40. d6 h3+ 41. Kh2 Re5 42. Qd4 Nxd1 43. Qxd1 e2 44. Qe1 Qe6 45. Rc2 Qxd6 46. Kxh3 Qd3 0-1

[Event "7th Cesme Open-A 2019"]
[Site "Cesme"]
[Date "2019.06.26"]
[Round "5"]
[White "Bashirli, Nail"]
[Black "Dogan, Nazmi Can"]
[Result "0-1"]
[ECO "B06"]
[WhiteElo "2367"]
[BlackElo "2276"]
[Annotator "NA"]
[PlyCount "164"]
[EventDate "2019.06.24"]
[EventType "swiss"]
[EventCountry "TUR"]
[SourceTitle "playchess.com"]
[Source "ChessBase"]
[SourceQuality "1"]
[TimeControl "5400+30"]

1. e4 g6 2. d4 Nf6 3. e5 Nh5 4. Be2 d6 5. Nf3 Nc6 6. O-O Bg7 7. exd6 exd6 8. d5 Ne7 9. h3 O-O 10. c4 Nf6 11. Nc3 Nd7 12. Re1 Nc5 13. Bf1 h6 14. Bf4 g5 15. Be3 Nf5 16. Bxc5 dxc5 17. Bd3 Nd6 18. Qd2 Qf6 19. Qe3 b6 20. Qe7 Ba6 21. Qxc7 Bxc4 22. Rad1 Rfc8 23. Qd7 Bxd3 24. Rxd3 Qf5 25. Qxf5 Nxf5 26. d6 Rd8 27. Red1 Nd4 28. Nxd4 Bxd4 29. Nb5 Bxb2 30. d7 Kf8 31. Rf3 Be5 32. Rd5 a6 33. Na3 Bd4 34. Nc4 Rab8 35. Rd6 Ke7 36. Rxh6 f6 37. Ne3 Kxd7 38. Nd5 Kc6 39. Ne7+ Kb7 40. Nf5 Be5 41. g3 c4 42. Rh7+ Kc6 43. Ne3 c3 44. Re7 Rd2 45. Nc4 Rd1+ 46. Kg2 Bd4 47. Ne3 Rd2 48. Re4 Rd8 49. Re6+ Kc7 50. Re7+ Kc8 51. Re6 Rxa2 52. h4 gxh4 53. gxh4 b5 54. Nf5 Be5 55. Rc6+ Kb7 56. Rc5 Kb6 57. Rcxc3 Bxc3 58. Rxc3 b4 59. Rf3 Ra3 60. Ne3 Rad3 61. Rxf6+ Kb5 62. Rf5+ Ka4 63. Nc4 R3d4 64. Ra5+ Kb3 65. Ne3 Rxh4 66. Rxa6 Rf4 67. Kg3 Rdf8 68. Nd1 Rf3+ 69. Kg2 Rd3 70. Ne3 Rd2 71. Ng4 Kb2 72. Kg3 Rd3+ 73. Kg2 b3 74. Kf1 Rd2 75. Ke1 Rc2 76. Ne3 Re8 77. Kf1 Rc1+ 78. Ke2 Kb1 79. Ra3 b2 80. Ra5 Rc6 81. Rd5 Ra6 82. Rb5 Ka2 0-1

[Event "7th Cesme Open-A 2019"]
[Site "Cesme"]
[Date "2019.06.26"]
[Round "5"]
[White "Kamer, Kayra"]
[Black "Lomsadze, Davit"]
[Result "0-1"]
[ECO "C48"]
[WhiteElo "2353"]
[BlackElo "2292"]
[Annotator "NA"]
[PlyCount "142"]
[EventDate "2019.06.24"]
[EventType "swiss"]
[EventCountry "TUR"]
[SourceTitle "playchess.com"]
[Source "ChessBase"]
[SourceQuality "1"]
[TimeControl "5400+30"]

1. e4 e5 2. Nf3 Nc6 3. Nc3 Nf6 4. Bb5 Bd6 5. d3 a6 6. Bxc6 dxc6 7. Bg5 h6 8. Bh4 Qe7 9. h3 g5 10. Bg3 c5 11. Qd2 c6 12. Na4 Bc7 13. Qc3 Nd7 14. b3 b5 15. Nb2 f6 16. Qd2 Nf8 17. h4 Rg8 18. hxg5 hxg5 19. Nh2 Ng6 20. Nf1 Nf4 21. Ne3 Be6 22. a4 O-O-O 23. axb5 axb5 24. O-O Kb7 25. c4 Ra8 26. Rfc1 Rxa1 27. Rxa1 Bb6 28. Nbd1 Qd7 29. cxb5 cxb5 30. Nc3 b4 31. Ncd5 Nxd5 32. exd5 Bxd5 33. Qa2 Kc7 34. f3 Be6 35. Qa6 Bxb3 36. Bf2 Rd8 37. d4 Qxd4 38. Rd1 Bxd1 39. Nc4 Rb8 40. Bxd4 exd4 41. Nb2 Bb3 42. Qd3 Bd5 43. Qh7+ Kc6 44. Qe7 Ra8 45. Qxf6+ Kb5 46. Qxg5 Rd8 47. Kf1 c4 48. Ke2 b3 49. Kd1 c3 50. Nd3 Rd6 51. Qe7 b2 52. Kc2 Bc5 53. Qe8+ Rc6 54. Ne5 Bd6 55. Nxc6 Bxc6 56. Qe2+ Kb4 57. Qa6 Ba4+ 58. Kb1 Bc5 59. Ka2 Bb3+ 60. Kb1 Bc4 61. Qb7+ Bb5 62. Qe4 Kb3 63. Qc2+ Ka3 64. Qf5 Kb4 65. Qe4 Bc4 66. Qb7+ Ka4 67. Kc2 Bb5 68. f4 Kb4 69. Qe4 Ka3 70. Qf3 d3+ 71. Kxc3 b1=Q 0-1

[Event "7th Cesme Open-A 2019"]
[Site "Cesme"]
[Date "2019.06.26"]
[Round "5"]
[White "Chighladze, Iveri"]
[Black "Bernadskiy, Vitaliy"]
[Result "0-1"]
[ECO "D38"]
[WhiteElo "2317"]
[BlackElo "2578"]
[Annotator "ChessBase"]
[PlyCount "96"]
[EventDate "2019.06.24"]
[EventType "swiss"]
[EventCountry "TUR"]
[SourceTitle "playchess.com"]
[Source "ChessBase"]
[SourceQuality "1"]
[TimeControl "5400+30"]

1. d4 d5 2. c4 e6 3. Nf3 Nf6 4. Nc3 Bb4 5. Bg5 h6 6. Bxf6 Qxf6 7. Qa4+ Nc6 8. Ne5 Bd7 9. Nxc6 Bxc3+ 10. bxc3 Bxc6 11. Qb4 dxc4 12. Qxc4 O-O 13. f3 Bd5 14. Qd3 c5 15. e4 Bc6 16. Rd1 Rfd8 17. Be2 cxd4 18. cxd4 Rd7 19. Qe3 Rad8 20. e5 Qe7 21. a3 Rd5 22. Kf2 Qd7 23. Rd2 Rxd4 24. Rxd4 Qxd4 25. Rd1 Qh4+ 26. Kg1 Rd5 27. h3 Qg5 28. Qxg5 hxg5 29. Rxd5 Bxd5 30. g3 Kh7 31. Kf2 f6 32. f4 gxf4 33. gxf4 Kg6 34. Bd3+ Kh5 35. Kg3 fxe5 36. fxe5 a6 37. Be2+ Kg5 38. Bg4 b5 39. h4+ Kg6 40. Kf4 a5 41. Ke3 b4 42. axb4 axb4 43. Kd4 Kf7 44. Bh5+ Ke7 45. Bg6 Kd7 46. Kc5 b3 47. Bd3 b2 48. Bb1 Bf3 0-1

[Event "7th Cesme Open-A 2019"]
[Site "Cesme"]
[Date "2019.06.26"]
[Round "5"]
[White "Eminov, Orkhan"]
[Black "Aydincelebi, Kagan"]
[Result "1-0"]
[ECO "B57"]
[WhiteElo "2314"]
[BlackElo "2258"]
[Annotator "NA"]
[PlyCount "63"]
[EventDate "2019.06.24"]
[EventType "swiss"]
[EventCountry "TUR"]
[SourceTitle "playchess.com"]
[Source "ChessBase"]
[SourceQuality "1"]
[TimeControl "5400+30"]

1. e4 c5 2. Nf3 Nc6 3. d4 cxd4 4. Nxd4 Nf6 5. Nc3 d6 6. Bc4 Qb6 7. Nb3 e6 8. Be3 Qc7 9. f4 a6 10. Bd3 b5 11. a3 Be7 12. O-O Bb7 13. Qf3 O-O 14. Qg3 Rac8 15. Kh1 Rfd8 16. f5 exf5 17. Rxf5 Ne5 18. Raf1 Ng6 19. Nd5 Nxd5 20. exd5 Bf6 21. Rxf6 gxf6 22. h4 Kh8 23. Rxf6 Rg8 24. Rxd6 f6 25. Bb6 Qf7 26. Rxf6 Qxf6 27. Bd4 Ne5 28. Qxe5 Qxe5 29. Bxe5+ Rg7 30. d6 Rd8 31. Nd4 Bc8 32. Bf5 1-0

[Event "7th Cesme Open-A 2019"]
[Site "Cesme"]
[Date "2019.06.26"]
[Round "5"]
[White "Sevgi, Volkan"]
[Black "Kara, Yanki"]
[Result "1/2-1/2"]
[ECO "C41"]
[WhiteElo "2302"]
[BlackElo "2186"]
[Annotator "NA"]
[PlyCount "27"]
[EventDate "2019.06.24"]
[EventType "swiss"]
[EventCountry "TUR"]
[SourceTitle "playchess.com"]
[Source "ChessBase"]
[SourceQuality "1"]
[TimeControl "5400+30"]

1. e4 e5 2. Nf3 d6 3. d4 Nd7 4. Bc4 c6 5. O-O Be7 6. a4 a5 7. c3 Ngf6 8. Re1 O-O 9. dxe5 dxe5 10. Qc2 Qc7 11. Nbd2 Nc5 12. b4 Ne6 13. Rb1 Bd7 14. bxa5 1/2-1/2

[Event "7th Cesme Open-A 2019"]
[Site "Cesme"]
[Date "2019.06.26"]
[Round "5"]
[White "Guseynov, Alihan"]
[Black "Rzayev, Askar Aliakbar"]
[Result "1-0"]
[ECO "E34"]
[WhiteElo "2274"]
[BlackElo "2089"]
[Annotator "NA"]
[PlyCount "97"]
[EventDate "2019.06.24"]
[EventType "swiss"]
[EventCountry "TUR"]
[SourceTitle "playchess.com"]
[Source "ChessBase"]
[SourceQuality "1"]
[TimeControl "5400+30"]

1. d4 Nf6 2. c4 e6 3. Nc3 Bb4 4. Qc2 d5 5. cxd5 Qxd5 6. Nf3 Qf5 7. Qb3 Nc6 8. g3 Qd5 9. Qxd5 exd5 10. Bg2 Ne4 11. Bd2 Nxd2 12. Kxd2 Be6 13. e3 Na5 14. Ng5 Nc4+ 15. Ke2 Bxc3 16. bxc3 h6 17. Nxe6 fxe6 18. e4 c6 19. f4 Nd6 20. e5 Nc4 21. h4 Ke7 22. h5 b5 23. Rh4 Kf7 24. Rg4 Rhe8 25. Rg6 Rac8 26. f5 exf5 27. Rf1 Kg8 28. Rxf5 Nb6 29. Rff6 c5 30. Rc6 b4 31. Kd3 bxc3 32. Kxc3 cxd4+ 33. Kxd4 Rxc6 34. Rxc6 Kf8 35. Bxd5 Rd8 36. Rc5 a6 37. Ke4 Nxd5 38. Rxd5 Rb8 39. Rd6 Rb4+ 40. Kf5 Ra4 41. Ke6 Kg8 42. Kd7 Rxa2 43. e6 Re2 44. Rd3 Kf8 45. Rf3+ Kg8 46. e7 Rd2+ 47. Kc6 Rc2+ 48. Kb7 Rb2+ 49. Ka7 1-0

[Event "7th Cesme Open-A 2019"]
[Site "Cesme"]
[Date "2019.06.26"]
[Round "5"]
[White "Kazimova, Narmin"]
[Black "Gokerkan, Cem Kaan"]
[Result "1/2-1/2"]
[ECO "A35"]
[WhiteElo "2271"]
[BlackElo "2415"]
[Annotator "NA"]
[PlyCount "108"]
[EventDate "2019.06.24"]
[EventType "swiss"]
[EventCountry "TUR"]
[SourceTitle "playchess.com"]
[Source "ChessBase"]
[SourceQuality "1"]
[TimeControl "5400+30"]

1. c4 c5 2. Nf3 Nc6 3. Nc3 g6 4. e3 Bg7 5. d4 Nf6 6. d5 Nb8 7. e4 d6 8. h3 O-O 9. Bd3 e6 10. O-O e5 11. a3 Nh5 12. Re1 Nf4 13. Bxf4 exf4 14. Qd2 Nd7 15. Qxf4 Ne5 16. Nxe5 Bxe5 17. Qd2 Qh4 18. Ne2 g5 19. Rf1 Kh8 20. Ng3 g4 21. Nf5 Bxf5 22. exf5 Rg8 23. g3 Qxh3 24. Rab1 f6 25. Be4 b6 26. b4 Rad8 27. Rfe1 Rc8 28. Bg2 Qh5 29. Qd3 Qg5 30. b5 h5 31. Qe3 Qg7 32. Rbd1 Rce8 33. Qb3 Qh7 34. Be4 h4 35. Kg2 Kg7 36. Qd3 Re7 37. Rh1 h3+ 38. Kh2 Rge8 39. Rde1 Bd4 40. Rhf1 Re5 41. Re2 Kf8 42. Rfe1 Qh6 43. Qc2 Qh5 44. Qd3 R8e7 45. Qc2 Qe8 46. f4 gxf3 47. Bxf3 Re3 48. Rxe3 Rxe3 49. Rxe3 Qxe3 50. Qe2 Qxa3 51. Kxh3 Be5 52. Qe4 Qc3 53. Qg4 Qe3 54. Qh5 Qg5 1/2-1/2

[Event "7th Cesme Open-A 2019"]
[Site "Cesme"]
[Date "2019.06.26"]
[Round "5"]
[White "Ozenir, Ekin Baris"]
[Black "Koksal, Ege"]
[Result "1-0"]
[ECO "A45"]
[WhiteElo "2250"]
[BlackElo "2363"]
[Annotator "NA"]
[PlyCount "85"]
[EventDate "2019.06.24"]
[EventType "swiss"]
[EventCountry "TUR"]
[SourceTitle "playchess.com"]
[Source "ChessBase"]
[SourceQuality "1"]
[TimeControl "5400+30"]

1. d4 Nf6 2. Bg5 Ne4 3. h4 c5 4. d5 Qb6 5. Nd2 h6 6. Nxe4 hxg5 7. c3 gxh4 8. Nf3 d6 9. e3 Bf5 10. Nfd2 Nd7 11. Nc4 Qc7 12. Ng5 Nf6 13. e4 Rh5 14. exf5 Rxg5 15. Ne3 O-O-O 16. Qa4 Kb8 17. Be2 c4 18. Rxh4 g6 19. Rxc4 Qb6 20. Rb4 Qc5 21. O-O-O Bh6 22. Kc2 gxf5 23. Rdd4 Nd7 24. Qb3 Qc7 25. Rh4 Nc5 26. Qc4 Bg7 27. Qf4 Bf6 28. Rh7 Ne4 29. Ba6 Nc5 30. Bf1 Qa5 31. Rb5 Qc7 32. Nxf5 e5 33. Qf3 e4 34. Qf4 Nd3 35. Qxe4 Nxf2 36. Qf4 Ng4 37. Nd4 Re8 38. Ne6 Qd7 39. Rxf7 Ne3+ 40. Kb3 Re7 41. Rf8+ Re8 42. Rxe8+ Qxe8 43. Qxd6+ 1-0

[Event "7th Cesme Open-A 2019"]
[Site "Cesme"]
[Date "2019.06.26"]
[Round "5"]
[White "Bashirov, Teymur"]
[Black "Rzayev, Bahruz"]
[Result "1-0"]
[ECO "B42"]
[WhiteElo "2238"]
[BlackElo "2340"]
[Annotator "NA"]
[PlyCount "67"]
[EventDate "2019.06.24"]
[EventType "swiss"]
[EventCountry "TUR"]
[SourceTitle "playchess.com"]
[Source "ChessBase"]
[SourceQuality "1"]
[TimeControl "5400+30"]

1. e4 c5 2. Nf3 e6 3. d4 cxd4 4. Nxd4 a6 5. Bd3 Bc5 6. Nb3 Ba7 7. O-O Ne7 8. Nc3 O-O 9. Qe2 f5 10. Kh1 f4 11. Nd2 Nbc6 12. Qh5 Nb4 13. Nf3 d6 14. Bc4 h6 15. Bb3 Rf6 16. Bd2 Nbc6 17. Rad1 Qf8 18. Qh3 Kh8 19. e5 Nxe5 20. Nxe5 dxe5 21. Ne4 Rg6 22. Bb4 a5 23. Bxe7 Qxe7 24. Qh5 Kh7 25. c3 Bd7 26. Rxd7 Qxd7 27. Bc2 Qe7 28. h4 Rh8 29. Rd1 Rd8 30. Rxd8 Qxd8 31. Ng5+ Kg8 32. Qxg6 hxg5 33. Qxe6+ Kh8 34. Qg6 1-0

[Event "7th Cesme Open-A 2019"]
[Site "Cesme"]
[Date "2019.06.26"]
[Round "5"]
[White "Yilmaz, Goktan"]
[Black "Olcum, Ahmet"]
[Result "1-0"]
[ECO "C41"]
[WhiteElo "2155"]
[BlackElo "2315"]
[Annotator "NA"]
[PlyCount "79"]
[EventDate "2019.06.24"]
[EventType "swiss"]
[EventCountry "TUR"]
[SourceTitle "playchess.com"]
[Source "ChessBase"]
[SourceQuality "1"]
[TimeControl "5400+30"]

1. e4 d6 2. d4 Nf6 3. Nc3 Nbd7 4. Nf3 e5 5. Bc4 Be7 6. O-O c6 7. a4 h6 8. Re1 Qc7 9. a5 Nf8 10. Nh4 g6 11. b3 N6h7 12. Nf3 Ng5 13. Nd2 Nge6 14. d5 Ng7 15. Bf1 g5 16. Nc4 c5 17. Be3 Bd7 18. Qb1 Rb8 19. b4 b5 20. axb6 axb6 21. bxc5 bxc5 22. Qa2 Nh7 23. Qa7 Rb7 24. Qa8+ Rb8 25. Qa7 Rb7 26. Qa6 O-O 27. Bxc5 dxc5 28. d6 Bxd6 29. Nd5 Qc6 30. Nxd6 Qxa6 31. Rxa6 Rb2 32. Bc4 Rfb8 33. Bb3 Ne6 34. Ra7 Bb5 35. Ne7+ Kf8 36. Bxe6 fxe6 37. Ng6+ Kg8 38. Nf7 Kg7 39. Nfxe5+ Kg8 40. Ng4 1-0

[Event "7th Cesme Open-A 2019"]
[Site "Cesme"]
[Date "2019.06.26"]
[Round "5"]
[White "Cansun, Can Alp"]
[Black "Tuncer, Tuna"]
[Result "0-1"]
[ECO "B33"]
[WhiteElo "2121"]
[BlackElo "2365"]
[Annotator "NA"]
[PlyCount "94"]
[EventDate "2019.06.24"]
[EventType "swiss"]
[EventCountry "TUR"]
[SourceTitle "playchess.com"]
[Source "ChessBase"]
[SourceQuality "1"]
[TimeControl "5400+30"]

1. e4 c5 2. Nf3 e6 3. d4 cxd4 4. Nxd4 Nf6 5. Nc3 Nc6 6. Ndb5 d6 7. Bf4 e5 8. Bg5 a6 9. Na3 Be6 10. Nc4 Rb8 11. Bxf6 Qxf6 12. Ne3 Qg6 13. g3 h5 14. h4 Be7 15. Bg2 Qh6 16. Ncd5 Bd8 17. c3 Ne7 18. Nxe7 Bxe7 19. Nf5 Qf6 20. Qd3 O-O 21. O-O g6 22. Ne3 Qg7 23. Nd5 Bd8 24. f4 Bxd5 25. Qxd5 exf4 26. Rxf4 Qe5 27. Qd3 Bf6 28. Raf1 Qc5+ 29. Kh1 Be5 30. R4f3 b5 31. a3 a5 32. Qd2 b4 33. axb4 axb4 34. Qg5 Qc8 35. cxb4 Rxb4 36. b3 Qe6 37. Qe3 Bg7 38. Qd3 Be5 39. Kg1 Rfb8 40. Rb1 Rd4 41. Qf1 Rd2 42. Rc1 Rxb3 43. Rc7 Rbb2 44. Rcxf7 Rxg2+ 45. Qxg2 Rxg2+ 46. Kxg2 Qxf7 47. Rxf7 Kxf7 0-1

[Event "7th Cesme Open-A 2019"]
[Site "Cesme"]
[Date "2019.06.26"]
[Round "5"]
[White "Caputcuoglu, Zeki Berke"]
[Black "Can, Melih Kaan"]
[Result "1-0"]
[ECO "A31"]
[WhiteElo "2097"]
[BlackElo "2204"]
[Annotator "NA"]
[PlyCount "99"]
[EventDate "2019.06.24"]
[EventType "swiss"]
[EventCountry "TUR"]
[SourceTitle "playchess.com"]
[Source "ChessBase"]
[SourceQuality "1"]
[TimeControl "5400+30"]

1. Nf3 Nf6 2. d4 c5 3. c4 cxd4 4. Nxd4 e5 5. Nb5 d5 6. cxd5 Bc5 7. N5c3 O-O 8. g3 Re8 9. Bg2 e4 10. O-O Bf5 11. Na3 Nbd7 12. Nc4 Rc8 13. Bf4 Nf8 14. Qb3 Ng6 15. Be3 b6 16. Bxc5 Rxc5 17. Ne3 Bd7 18. Rfd1 Qe7 19. Rd4 Qe5 20. Rad1 Qh5 21. Re1 Bh3 22. Nxe4 Nxe4 23. Rxe4 Rec8 24. Bxh3 Qxh3 25. Rc4 Rxc4 26. Nxc4 h5 27. Ne3 h4 28. Qd3 hxg3 29. hxg3 Ne5 30. Qe4 Nd7 31. Rd1 Qh5 32. Qe7 Qh3 33. Ng2 Qf5 34. Nf4 Rc2 35. Qe8+ Nf8 36. d6 Qd7 37. Qe7 a5 38. e4 Qg4 39. Rf1 Rxb2 40. e5 Rd2 41. Rc1 Rd1+ 42. Rxd1 Qxd1+ 43. Kg2 b5 44. Qe8 b4 45. Qa8 a4 46. Nd5 Kh7 47. Ne7 Ne6 48. Qg8+ Kh6 49. Qh8+ Kg5 50. Qh4# 1-0

[Event "7th Cesme Open-A 2019"]
[Site "Cesme"]
[Date "2019.06.27"]
[Round "6"]
[White "Baklan, Vladimir"]
[Black "Bernadskiy, Vitaliy"]
[Result "1/2-1/2"]
[ECO "B70"]
[WhiteElo "2620"]
[BlackElo "2578"]
[Annotator "RC"]
[PlyCount "31"]
[EventDate "2019.06.24"]
[EventType "swiss"]
[EventCountry "TUR"]
[SourceTitle "playchess.com"]
[Source "ChessBase"]
[SourceQuality "1"]
[TimeControl "5400+30"]

1. e4 c5 2. Nf3 Nc6 3. d4 cxd4 4. Nxd4 Nf6 5. Nc3 d6 6. g3 g6 7. Nde2 Bg7 8. Bg2 O-O 9. O-O Rb8 10. a4 a6 11. Nd5 b5 12. axb5 axb5 13. c3 Nd7 14. Nd4 Nxd4 15. cxd4 Bb7 16. Bg5 1/2-1/2

[Event "7th Cesme Open-A 2019"]
[Site "Cesme"]
[Date "2019.06.27"]
[Round "6"]
[White "Mohannad, Farhan"]
[Black "Koksal, Ege"]
[Result "0-1"]
[ECO "D85"]
[WhiteElo "2193"]
[BlackElo "2363"]
[Annotator "RC"]
[PlyCount "143"]
[EventDate "2019.06.24"]
[EventType "swiss"]
[EventCountry "TUR"]
[SourceTitle "playchess.com"]
[Source "ChessBase"]
[SourceQuality "1"]
[TimeControl "5400+30"]

1. d4 Nf6 2. c4 g6 3. Nc3 d5 4. cxd5 Nxd5 5. e4 Nxc3 6. bxc3 Bg7 7. Bg5 O-O 8. Rc1 c5 9. d5 Qc7 10. Nf3 Bg4 11. Qd2 e6 12. Bf4 Qd7 13. Be2 exd5 14. exd5 Bxf3 15. Bxf3 Re8+ 16. Be3 Bh6 17. O-O Bxe3 18. fxe3 Qd6 19. Bd1 Nd7 20. Ba4 Re5 21. Qf2 Rf5 22. Qh4 Rxf1+ 23. Rxf1 Nb6 24. Bb3 Kg7 25. c4 Re8 26. Qf2 Re7 27. a4 Qe5 28. Kh1 Nc8 29. e4 b6 30. Bc2 Nd6 31. Bd3 Qc3 32. Qf3 Qd4 33. h3 Qe5 34. Qf2 Qd4 35. Qf3 Kg8 36. Rd1 Qe5 37. Qf2 Kg7 38. a5 Qf6 39. Qe3 Nf5 40. Qf2 Nd6 41. Qe3 Qd4 42. Qxd4+ cxd4 43. axb6 axb6 44. Bc2 Kf6 45. Rxd4 Ke5 46. Rd1 Nxc4 47. Rb1 Rb7 48. Bd3 Nd6 49. Rb4 b5 50. Kg1 f5 51. exf5 gxf5 52. g4 fxg4 53. hxg4 Kxd5 54. g5 Rg7 55. Rg4 Nc4 56. Be4+ Kc5 57. Kf2 Ne5 58. Rh4 Ng6 59. Rg4 b4 60. Ke3 Rd7 61. Rg1 b3 62. Bf5 Rd5 63. Be4 Re5 64. Rh1 Re7 65. Kd3 Kb4 66. Bxg6 hxg6 67. Rh6 Rd7+ 68. Ke4 b2 69. Rh1 Rc7 70. Ke5 Rc6 71. Rh8 Rb6 72. Rh1 0-1

[Event "7th Cesme Open-A 2019"]
[Site "Cesme"]
[Date "2019.06.27"]
[Round "6"]
[White "Fadeev, Semen"]
[Black "Kamer, Kayra"]
[Result "0-1"]
[ECO "B41"]
[WhiteElo "2168"]
[BlackElo "2353"]
[Annotator "RC"]
[PlyCount "100"]
[EventDate "2019.06.24"]
[EventType "swiss"]
[EventCountry "TUR"]
[SourceTitle "playchess.com"]
[Source "ChessBase"]
[SourceQuality "1"]
[TimeControl "5400+30"]

1. e4 c5 2. Nf3 e6 3. d4 cxd4 4. Nxd4 a6 5. c4 Nf6 6. Nc3 Qc7 7. Bd3 Nc6 8. Nxc6 dxc6 9. f4 e5 10. O-O Bc5+ 11. Kh1 Bg4 12. Qc2 O-O-O 13. fxe5 Nd7 14. Bg5 Rde8 15. a3 Nxe5 16. b4 Bd4 17. Rac1 h6 18. Bf4 g5 19. Bg3 h5 20. Be2 Be6 21. Nd5 Qd8 22. Qd2 h4 23. Qxd4 hxg3 24. Qxe5 Rxh2+ 25. Kg1 Rxg2+ 26. Kxg2 Bh3+ 27. Kxh3 Rxe5 28. Nc3 f5 29. Rxf5 Rxf5 30. exf5 Qd2 31. Rf1 g4+ 32. Kxg3 Qxc3+ 33. Kxg4 Qc2 34. Rf2 Qe4+ 35. Kg3 Qe3+ 36. Kg2 Qg5+ 37. Kf1 Qf6 38. c5 Kd8 39. Kg2 Qg5+ 40. Kh3 Qe3+ 41. Kg2 Ke7 42. f6+ Kf8 43. f7 Qxa3 44. Rf4 Qe3 45. Rf2 Qe4+ 46. Kg3 Qxb4 47. Rf5 Qe4 48. Bg4 a5 49. Kh4 a4 50. Rf3 Qxf3 0-1

[Event "7th Cesme Open-A 2019"]
[Site "Cesme"]
[Date "2019.06.28"]
[Round "7"]
[White "Bernadskiy, Vitaliy"]
[Black "Quparadze, Giga"]
[Result "1/2-1/2"]
[ECO "D30"]
[WhiteElo "2578"]
[BlackElo "2498"]
[Annotator "ChessBase"]
[PlyCount "75"]
[EventDate "2019.06.24"]
[EventType "swiss"]
[EventCountry "TUR"]
[SourceTitle "playchess.com"]
[Source "ChessBase"]
[SourceQuality "1"]
[TimeControl "5400+30"]

1. d4 Nf6 2. c4 e6 3. g3 d5 4. Bg2 Bb4+ 5. Nd2 c5 6. dxc5 Bxc5 7. Ngf3 O-O 8. O-O Nc6 9. cxd5 exd5 10. Nb3 Bb6 11. Nbd4 Re8 12. b3 Nxd4 13. Nxd4 Bg4 14. Bb2 Bxd4 15. Qxd4 Bxe2 16. Rfe1 Qd6 17. a4 h6 18. h3 b6 19. a5 Rad8 20. axb6 axb6 21. Bc1 Bb5 22. Rxe8+ Rxe8 23. Be3 Bc6 24. Qxb6 Rb8 25. Qa6 Ra8 26. Qf1 d4 27. Rd1 Bxg2 28. Qxg2 Qa3 29. Bxd4 Rb8 30. Bxf6 Qxb3 31. Rd6 gxf6 32. Rxf6 Kg7 33. Rf4 Qb7 34. Rg4+ Kh7 35. Re4 Qd5 36. g4 Rb1+ 37. Kh2 Qd6+ 38. Qg3 1/2-1/2

[Event "7th Cesme Open-A 2019"]
[Site "Cesme"]
[Date "2019.06.28"]
[Round "7"]
[White "Mammadov, Zaur"]
[Black "Olcum, Ahmet"]
[Result "1-0"]
[ECO "B07"]
[WhiteElo "2428"]
[BlackElo "2315"]
[Annotator "NA"]
[PlyCount "57"]
[EventDate "2019.06.24"]
[EventType "swiss"]
[EventCountry "TUR"]
[SourceTitle "playchess.com"]
[Source "ChessBase"]
[SourceQuality "1"]
[TimeControl "5400+30"]

1. e4 d6 2. d4 Nf6 3. Nd2 g6 4. Ngf3 Bg7 5. Bd3 O-O 6. O-O c5 7. dxc5 dxc5 8. e5 Nd5 9. Be4 Bf5 $14 10. Bxf5 gxf5 11. Nb3 b6 12. Bg5 Nc6 13. Qd3 Nxe5 14. Nxe5 Bxe5 15. Rad1 Nf4 16. Qxf5 Qc7 17. Rfe1 Ng6 18. h4 c4 19. Nd2 h5 20. Bh6 Rfd8 21. Nf3 Bxb2 22. Ng5 Bf6 23. Nxf7 Nxh4 24. Qe6 Rxd1 25. Rxd1 Qc5 26. Ng5+ Kh8 27. Qe4 Bxg5 28. Qxa8+ Kh7 29. Rd5 1-0